 Dungeon Crawl Stone Soup version 0.21-a0-401-g0b6bec4 (webtiles) character file.

8536 boxer the Thaumaturge (level 11, -10/81 HPs)
             Began as a Mummy Venom Mage on Oct 22, 2017.
             Was a Priest of Sif Muna.
             Mangled by a spiny frog (18 damage)
             ... on level 1 of the Lair of Beasts on Oct 24, 2017.
             The game lasted 00:31:53 (12351 turns).

boxer the Thaumaturge (Mummy Venom Mage)           Turns: 12351, Time: 00:31:54

Health: -10/81     AC: 14    Str: 23    XL:     11   Next: 11%
Magic:  8/25       EV: 14    Int: 21    God:    Sif Muna [***...]
Gold:   228        SH:  3    Dex: 12    Spells: 17/31 levels left

rFire    . . .     SeeInvis .   F - +11 dagger of Corruption {protect, -Tele +Fly rPois Str+9}
rCold    + + .     Gourm    .   g - +0 buckler
rNeg     + + +     Faith    .   D - +2 robe {rC+}
rPois    ∞         Spirit   .   n - +2 hat
rElec    .         Reflect  .   G - +0 cloak "Jur Mohi" {rPois Str+2 Stlth+}
rCorr    .         Harm     .   (no gloves)
MR       +....     NoTele   +   (no boots)
Stlth    +++.......             C - amulet of regeneration
HPRegen  0.63/turn              c - ring of protection from fire
MPRegen  0.19/turn              w - +3 ring of intelligence

@: protection aura
A: no food or potions, fire vulnerability, cold resistance 1, negative energy
resistance 3, torment resistance, unbreathing
a: Divine Energy, Channel Magic, Renounce Religion, Evoke Flight


You were on level 1 of the Lair of Beasts.
You worshipped Sif Muna.
Sif Muna was most pleased with you.
You were not hungry.

You visited 2 branches of the dungeon, and saw 11 of its levels.

You collected 482 gold pieces.
You spent 254 gold pieces at shops.

Inventory:

Hand Weapons
 i - a +0 flail
 o - a +5 spear of piercing
 F - the +11 dagger of Corruption (weapon) {protect, -Tele +Fly rPois Str+9}
   (You took it off a crimson imp on level 7 of the Dungeon)

   It protects the one who uses it against injury (+AC on strike).
   It affects your strength (+9).
   It protects you from poison.
   It lets you fly.
   It prevents most forms of teleportation.
Armour
 a - a +1 robe
 g - a +0 buckler (worn)
 n - a +2 hat (worn)
 D - a +2 robe of cold resistance (worn)
 G - the +0 cloak "Jur Mohi" (worn) {rPois Str+2 Stlth+}
   (You found it on level 8 of the Dungeon)

   It affects your strength (+2).
   It protects you from poison.
   It makes you more stealthy.
Jewellery
 c - a ring of protection from fire (left hand)
 h - an uncursed ring of protection from cold
 r - a cursed ring of loudness
 u - an uncursed ring of ice
 v - an uncursed ring of poison resistance
 w - a +3 ring of intelligence (right hand)
 x - an uncursed ring of positive energy
 A - an uncursed amulet of guardian spirit
 C - an amulet of regeneration (around neck)
Wands
 f - a wand of digging (21/24)
 m - a wand of confusion (21/48)
 p - a wand of polymorph (18/24)
 q - a wand of scattershot (3/9)
 s - a wand of paralysis (5/24)
 B - a wand of paralysis (10/24)
 E - a wand of iceblast (5/15)
Scrolls
 d - 5 scrolls of teleportation
 e - a scroll of enchant armour
 j - 3 scrolls of remove curse
 l - a scroll of magic mapping
 t - a scroll of recharging
 z - 2 scrolls of vulnerability
Books
 b - a Young Poisoner's Handbook

   Spells                             Type                      Level
   a - Sting                          Conjuration/Poison           1
   b - Poisonous Vapours              Poison/Air                   2
   c - Mephitic Cloud                 Conjuration/Poison/Air       3
   d - Olgreb's Toxic Radiance        Poison                       4
   e - Venom Bolt                     Conjuration/Poison           5


   Skills:
 - Level 5.7 Fighting
 - Level 4.0 Polearms
 + Level 5.6 Dodging
 - Level 1.5 Stealth
 + Level 10.8 Spellcasting
 + Level 8.1 Conjurations
 - Level 5.0 Poison Magic


You had 17 spell levels left.
You knew the following spells:

 Your Spells              Type           Power        Failure   Level  Hunger
b - Poisonous Vapours     Pois/Air       ###...       5%          2    N/A
c - Olgreb's Toxic Radia  Pois           ####....     12%         4    N/A
d - Venom Bolt            Conj/Pois      #####.....   19%         5    N/A
e - Mephitic Cloud        Conj/Pois/Air  ####....     4%          3    N/A

Dungeon Overview and Level Annotations

Branches:
Dungeon (10/15)            Temple (0/1) D:6            Lair (1/6) D:9
    Orc (0/2) D:10

Altars:
Ashenzari
Cheibriados
Fedhas
Kikubaaqudgha
Okawaru
Sif Muna
Trog
Yredelemnul
The Shining One

Shops:
D:10 *

Annotations:
D:3 exclusion: spectral thing


Innate Abilities, Weirdness & Mutations

You do not eat or drink.
Your flesh is vulnerable to fire.
You are immune to poison.
Your flesh is cold resistant. (rC+)
You are immune to negative energy. (rN+++)
You are immune to unholy pain and torment.
You can survive without breathing.


Message History

The yak closely misses the spiny frog.
The spiny frog stings you!
* * * LOW HITPOINT WARNING * * *
The hippogriff is engulfed in noxious fumes.
The hippogriff appears confused.
The yak is engulfed in noxious fumes.
The yak appears confused.
The yak gores the hippogriff!
Unknown command.
You catch the helpless yak completely off-guard!
You puncture the yak!
You kill the yak!
Sif Muna accepts your kill. You block the spiny frog's attack.
The hippogriff is engulfed in noxious fumes.
The spiny frog misses you.
Unknown command.
You barely miss the hippogriff.
The hippogriff is severely wounded.
The yak is engulfed in noxious fumes.
The yak appears confused.
The hippogriff is engulfed in noxious fumes.
The hippogriff appears confused.
The spiny frog stings you!!
You die...

#.#.⌠...# ....# .
##.....#.# #...# #.
#..#...#.# #...# #.
##...(†.## #...#######.
###.#.## ##...........
##.P.########............
#......§§.H..[...........
####..kFY§...............
##..##@####....#.###.#.
#...#### ##...### ###.
##..## #P...# #. #....#
##...# #. ##...# #...##
#. #..## #....# #. ####
###### ##


You could see a hippogriff (confused), a yak (confused), a spiny frog and a rime
drake.

Vanquished Creatures
  Fannar (D:10)
  A black mamba (Lair:1)
  2 centaur skeletons (D:10)
  A spiny frog (Lair:1)
  2 trolls
  2 hornets (D:8)
  2 hippogriffs
  4 yaks (Lair:1)
  A hungry ghost (D:8)
  A soldier ant (D:8)
  3 water moccasins
  3 orc warriors
  2 ice beasts
  A necrophage (D:8)
  A hornet zombie (D:8)
  A sky beast (D:8)
  A black bear (D:7)
  4 ogres
  A centaur (D:10)
  A crocodile (D:8)
  13 bullfrogs
  A big kobold (D:7)
  A gnoll sergeant (D:3)
  5 scorpions
  13 killer bees
  6 howler monkeys
  An electric eel (D:7)
  2 crimson imps
  A jelly (D:10)
  2 quasits
  4 hounds
  2 orc priests
  A bullfrog skeleton (D:4)
  5 orc wizards
  An iron imp (D:6)
  Jessica (D:2)
  Terence (D:2)
  2 iguanas
  7 worker ants
  A hound zombie (D:9)
  2 hound skeletons
  8 adders
  9 gnolls
  2 shadow imps (D:9)
  An adder skeleton (D:7)
  4 worms
  2 dart slugs
  5 leopard geckos
  19 orcs
  9 bats
  4 giant cockroaches
  4 hobgoblins
  2 jackals (D:7)
  6 quokkas
  8 frilled lizards
  5 goblins
  12 kobolds
  A leopard gecko skeleton (D:4)
  A quokka skeleton (D:8)
  A quokka zombie (D:6)
  5 rats
215 creatures vanquished.

Vanquished Creatures (others)
  A plant (Lair:1)
1 creature vanquished.

Grand Total: 216 creatures vanquished

Notes
Turn   | Place    | Note
-------+----------+-------------------------------------------
     0 | D:1      | boxer the Mummy Venom Mage began the quest for the Orb.
     0 | D:1      | Reached XP level 1. HP: 13/13 MP: 4/4
    24 | D:1      | Reached skill level 1 in Conjurations
   458 | D:1      | Reached XP level 2. HP: 19/19 MP: 1/5
   500 | D:1      | Learned a level 2 spell: Poisonous Vapours
  1427 | D:2      | Noticed Terence
  1442 | D:2      | Killed Terence
  1442 | D:2      | Reached skill level 3 in Spellcasting
  1442 | D:2      | Reached XP level 3. HP: 24/24 MP: 0/7
  1739 | D:2      | Noticed Jessica
  1743 | D:2      | Killed Jessica
  1743 | D:2      | Reached XP level 4. HP: 30/30 MP: 3/9
  2010 | D:2      | Learned a level 4 spell: Olgreb's Toxic Radiance
  3134 | D:3      | Noticed a bullfrog
  3215 | D:3      | Killed a bullfrog
  3215 | D:3      | Reached XP level 5. HP: 16/35 MP: 2/10
  3627 | D:3      | Found a basalt altar of Yredelemnul.
  3688 | D:3      | Found a shattered altar of Ashenzari.
  3864 | D:3      | Reached skill level 4 in Spellcasting
  3876 | D:3      | Reached XP level 6. HP: 22/41 MP: 3/12
  4257 | D:4      | Noticed a hippogriff
  4277 | D:3      | Killed a hippogriff
  4589 | D:4      | Reached XP level 7. HP: 29/46 MP: 12/14
  5034 | D:4      | Reached skill level 5 in Spellcasting
  5100 | D:4      | Reached skill level 5 in Poison Magic
  5126 | D:4      | Learned a level 5 spell: Venom Bolt
  5130 | D:4      | Learned a level 3 spell: Mephitic Cloud
  5218 | D:4      | Reached skill level 1 in Fighting
  5218 | D:4      | Reached skill level 1 in Polearms
  5616 | D:4      | Found a glowing golden altar of the Shining One.
  5729 | D:5      | Entered Level 5 of the Dungeon
  6367 | D:5      | Reached XP level 8. HP: 57/57 MP: 11/15
  6684 | D:6      | Found a staircase to the Ecumenical Temple.
  6886 | D:6      | Found a deep blue altar of Sif Muna.
  6948 | D:6      | Became a worshipper of Sif Muna the Loreminder
  7553 | D:6      | Found a snail-covered altar of Cheibriados.
  8345 | D:7      | Reached skill level 6 in Spellcasting
  8496 | D:7      | Noticed a hippogriff
  8509 | D:7      | Killed a hippogriff
  8509 | D:7      | Reached skill level 5 in Conjurations
  8587 | D:7      | Reached XP level 9. HP: 50/66 MP: 10/18
  8592 | D:7      | Reached * piety under Sif Muna
  8885 | D:7      | Got a scorched dagger {protect}
  8886 | D:7      | Identified the +11 dagger of Corruption {protect, -Tele +Fly rPois Str+9} (You took it off a crimson imp on level 7 of the Dungeon)
  9075 | D:7      | Found a bloodstained altar of Trog.
  9075 | D:7      | Found an iron altar of Okawaru.
  9134 | D:8      | Reached skill level 5 in Fighting
  9135 | D:8      | Reached skill level 7 in Spellcasting
  9485 | D:8      | Got a faintly glowing cloak
  9491 | D:8      | Identified the +0 cloak "Jur Mohi" {rPois Str+2 Stlth+} (You found it on level 8 of the Dungeon)
  9657 | D:8      | Reached skill level 8 in Spellcasting
  9664 | D:8      | Noticed a troll
  9850 | D:8      | Reached ** piety under Sif Muna
 10240 | D:8      | Reached XP level 10. HP: 76/76 MP: 19/22
 10458 | D:9      | Reached skill level 9 in Spellcasting
 10985 | D:9      | Found a staircase to the Lair.
 11034 | D:9      | Found an ancient bone altar of Kikubaaqudgha.
 11035 | D:9      | Found a blossoming altar of Fedhas.
 11165 | D:10     | Entered Level 10 of the Dungeon
 11212 | D:10     | Noticed Fannar
 11251 | D:10     | Killed Fannar
 11384 | D:10     | Reached *** piety under Sif Muna
 11430 | D:10     | Found a staircase to the Orcish Mines.
 11465 | D:10     | Reached skill level 10 in Spellcasting
 11677 | D:10     | Reached skill level 5 in Dodging
 11812 | D:10     | Found Viusu's Assorted Antiques.
 11816 | D:10     | Bought a brightly glowing robe for 142 gold pieces
 11826 | D:10     | Identified the cursed +0 robe of Fofoeny {+Blink Regen+ rCorr} (You bought it in a shop on level 10 of the Dungeon)
 11840 | D:10     | Bought a buckler for 112 gold pieces
 12081 | Lair:1   | Entered Level 1 of the Lair of Beasts
 12081 | Lair:1   | Noticed a spiny frog
 12118 | Lair:1   | Noticed a spiny frog
 12145 | Lair:1   | Killed a spiny frog
 12164 | Lair:1   | Noticed a black mamba
 12173 | Lair:1   | Killed a black mamba
 12173 | Lair:1   | Reached XP level 11. HP: 17/81 MP: 13/25
 12351 | Lair:1   | Mangled by a spiny frog

Vault maps used:
D:1:      dpeg_arrival_round_a
D:2:      uniq_terence, uniq_jessica
D:3:      lemuel_round_altar, yredelemnul_forgotten_temple_becter
D:4:      first_bread, nicolae_tso_swordbearing_angel
D:6:      kennysheep_little_box, minmay_temple_entry_from_below_a,
          chei_slow_surprise
D:7:      grunt_temple_overflow_bloody_war, nicolae_lava_and_water
D:8:      hangedman_pestilent_swarm
D:9:      grunt_temple_overflow_growth_and_decay, lair_entry_dummy,
          hangedman_glass_teeth
D:10:     minmay_orc_entry_temple_small, serial_shops, nicolae_shop_trees,
          minivault_26, uniq_fannar
Lair:1:   serial_bayou_shore_b, grunt_megastairs_1, uniq_erica

Skill      XL: |  1  2  3  4  5  6  7  8  9 10 11 |
---------------+----------------------------------+-----
Conjurations   | 1 2 3 4 5 6 7 8 |  8.1
Spellcasting   | 3 4 5 6 8 10 | 10.8
Poison Magic   | 3 4 5 |  5.0
Fighting       | 2 4 5 |  5.7
Polearms       | 2 3 4 |  4.0
Dodging        | 3 5 |  5.6
Stealth        | |  1.5

Action                   |  1- 3 |  4- 6 |  7- 9 | 10-12 || total
-------------------------+-------+-------+-------+-------++-------
Melee: Unarmed           |     2 |       |       |       ||     2
       Flail             |       |    14 |       |       ||    14
       Spear             |       |    14 |   231 |    11 ||   256
       Dagger            |       |       |    28 |   137 ||   165
 Cast: Sting             |    20 |    12 |       |       ||    32
       Poisonous Vapours |     9 |    39 |   150 |    67 ||   265
       Olgreb's Toxic Ra |       |     2 |     5 |     7 ||    14
       Mephitic Cloud    |       |       |     1 |     5 ||     6
       Venom Bolt        |       |       |       |     3 ||     3
Evoke: Wand              |       |       |     4 |     6 ||    10
  Use: Scroll            |       |     7 |    21 |     7 ||    35
 Stab: Sleeping          |       |       |     4 |       ||     4
       Paralysed         |       |       |     6 |     8 ||    14
       Confused          |       |       |       |     4 ||     4
Armor: Robe              |     2 |    19 |    63 |    64 ||   148
Dodge: Dodged            |     9 |    48 |   159 |    90 ||   306
Block: Buckler           |       |       |       |     6 ||     6

Table legend:
 A = Spawn XP
 B = Non-spawn XP
 C = Spawn XP percentage of total XP
 D = Spawn monster count
 E = Non-spawn monster count
 F = Spawn count percentage of total count
 G = Total turns spent on level
                    A         B        C        D         E        F      G
               +---------+---------+-------+---------+---------+-------+---------
         Total |       0 |   12195 |   0.0 |       0 |     215 |   0.0 | 12351
               +---------+---------+-------+---------+---------+-------+---------
           D:1 |       0 |      12 |   0.0 |       0 |       7 |   0.0 |   882
           D:2 |       0 |     103 |   0.0 |       0 |      21 |   0.0 |  2275
           D:3 |       0 |     567 |   0.0 |       0 |      24 |   0.0 |  1374
           D:4 |       0 |     598 |   0.0 |       0 |      22 |   0.0 |  1198
           D:5 |       0 |     173 |   0.0 |       0 |       7 |   0.0 |   941
           D:6 |       0 |     468 |   0.0 |       0 |      22 |   0.0 |  1035
           D:7 |       0 |    1147 |   0.0 |       0 |      27 |   0.0 |  1391
           D:8 |       0 |    2826 |   0.0 |       0 |      33 |   0.0 |  1455
           D:9 |       0 |    1457 |   0.0 |       0 |      24 |   0.0 |   838
          D:10 |       0 |    2876 |   0.0 |       0 |      19 |   0.0 |   692
        Lair:1 |       0 |    1968 |   0.0 |       0 |       9 |   0.0 |   270
               +---------+---------+-------+---------+---------+-------+---------
